 Dungeon Crawl Stone Soup version 0.27.1-34-g3ba077fa99 (webtiles) character file.

Game seed: 8685758825478091064

232 shadowrider38 the Ruffian (level 5, -1/54 HPs)
             Began as a Troll Fighter on Jan 3, 2022.
             Slain by Eustachio (6 damage)
             ... on level 4 of the Dungeon.
             The game lasted 00:06:51 (3775 turns).

shadowrider38 the Ruffian (Troll Fighter)           Turns: 3775, Time: 00:06:51

Health: -1/54      AC:  4    Str: 25    XL:     5   Next: 73%
Magic:  4/4        EV:  7    Int:  4    God:
Gold:   103        SH:  8    Dex:  9    Spells: 4/4 levels left

rFire    . . .     SeeInvis .   k - +3 rapier
rCold    . . .     Faith    .   b - +0 kite shield
rNeg     . . .     Spirit   .   a - +0 robe
rPois    .         Reflect  .   (helmet restricted)
rElec    .         Harm     .   (no cloak)
rCorr    .         Rampage  .   (gloves unavailable)
Will     .....                  (boots unavailable)
Stlth    +.........             (no amulet)
HPRegen  1.18/turn              (no ring)
MPRegen  0.09/turn              (no ring)

@: mighty
A: large, unfitting armour, claws 3, regeneration 1, shaggy fur 1, tough skin 1
a: no special abilities


You were on level 4 of the Dungeon.
You visited 1 branch of the dungeon, and saw 4 of its levels.

You collected 103 gold pieces.

Inventory:

Hand Weapons
 k - a +3 rapier (weapon)
 m - a +0 dagger of venom
Missiles
 i - 51 stones (quivered)
 n - 3 boomerangs
Armour
 a - a +0 robe (worn)
 b - a +0 kite shield (worn)
Scrolls
 f - 2 scrolls of magic mapping {unknown}
 g - 5 scrolls of identify {unknown}
 j - 2 scrolls of teleportation {unknown}
 o - a scroll of amnesia {unknown}
 p - a scroll of fear {unknown}
Potions
 c - a potion of might
 d - a potion of mutation {unknown}
 e - 4 potions of curing {unknown}
 h - a potion of ambrosia {unknown}
 l - a potion of brilliance {unknown}


   Skills:
 + Level 4.1 Fighting
 - Level 2.4 Dodging
 - Level 2.4 Shields
 + Level 4.4 Unarmed Combat


You had 4 spell levels left.
You didn't know any spells.
Your spell library contained the following spells:

 Spells                   Type           Power      Damage    Failure   Level
 Corona                   Hex            0%         N/A       93%         1
 Ensorcelled Hibernation  Hex/Ice        0%         N/A       98%         2
 Tukima's Dance           Hex            0%         N/A       100%        3


Dungeon Overview and Level Annotations

Branches:
Dungeon (4/15)
 Temple: D:4-7

Altars:

Shops:
D:1 [

Annotations:
D:4 Eustachio


Innate Abilities, Weirdness & Mutations

You are too large for most types of armour.
You have claws for hands.
Your natural rate of healing is unusually fast.
You are covered in fur. (AC +1)
You have tough skin. (AC +1)


Message History

You closely miss Eustachio.
Eustachio is almost dead.
You block the rat's attack. The shadow imp barely misses you.
The white imp hits you but does no damage.
Eustachio mumbles some strange words.
You closely miss Eustachio.
Eustachio is almost dead.
The rat barely misses you. The shadow imp hits you.
* * * LOW HITPOINT WARNING * * *
The white imp hits you.
* * * LOW HITPOINT WARNING * * *
The white imp freezes you.
* * * LOW HITPOINT WARNING * * *
Eustachio gestures wildly while chanting.
Eustachio blinks!
The rat barely misses you. You block the shadow imp's attack.
You puncture the white imp!
You kill the white imp!
The white imp disappears in a puff of smoke!
The rat bites you but does no damage. The shadow imp gestures at you.
You barely resist. The quasit closely misses you.
The quasit claws you but does no damage.
The quasit barely misses you.
You puncture the quasit!
The quasit is heavily wounded.
You block the rat's attack.
The quasit bites you but does no damage.
You block the quasit's attack.
The quasit claws you but does no damage.
The shadow imp hits you.
* * * LOW HITPOINT WARNING * * *
The quasit bites you but does no damage.
The quasit closely misses you.
The quasit claws you but does no damage.
The rat bites you but does no damage.
You barely miss Eustachio.
Eustachio is almost dead.
The shadow imp disappears in a puff of smoke!
Eustachio hits you with a +0 rapier of holy wrath.
You die...

##+#######
#(.......#
#........#
#(.......#
#........#
##.r......#
#..@.....(#
#......##.5@§.(...#
#......##.≈⌠≈....(#
#......##.≈.≈.....#
#......##....(#####
#......##.#.###
#......##[..#
#......####.#
######......## #.#


You could see Eustachio, a quasit (summoned) and a rat (summoned).

Vanquished Creatures
  A centaur skeleton (D:4)
  A hound (D:3)
  Natasha (D:3)
  An orc wizard (D:4)
  5 adders
  2 worms (D:3)
  A dart slug (D:1)
  5 orcs
  2 endoplasms
  2 giant cockroaches (D:1)
  9 goblins
  7 hobgoblins
  6 jackals
  3 quokkas
  5 ball pythons
  6 bats
  6 frilled lizards
  8 kobolds
  6 rats
77 creatures vanquished.

Notes
Turn   | Place    | Note
-------+----------+-------------------------------------------
     0 | D:1      | shadowrider38 the Troll Fighter began the quest for the
                  | Orb.
     0 | D:1      | Reached XP level 1. HP: 22/22 MP: 0/0
   110 | D:1      | Reached XP level 2. HP: 29/29 MP: 1/1
   233 | D:1      | Found Last's Antique Armour Emporium.
   784 | D:1      | Reached XP level 3. HP: 37/37 MP: 2/2
  1376 | D:2      | Found a faded altar of an unknown god.
  2117 | D:2      | Reached XP level 4. HP: 44/45 MP: 3/3
  3036 | D:3      | Noticed Natasha
  3043 | D:3      | Killed Natasha
  3182 | D:3      | Reached XP level 5. HP: 54/54 MP: 4/4
  3730 | D:4      | Noticed Eustachio
  3775 | D:4      | Slain by Eustachio

Illustrated notes

Levels and vault maps discovered:
D:1:      mrwooster_arrival_statue_3, layout_basic, serial_shops,
          nicolae_shop_trees
D:2:      layout_loops_ring, shapermc_ecumenical_altar_mp_vishouse
D:3:      layout_basic, uniq_natasha
D:4:      layout_basic, trog_butcher_becter, corexii_leaking_fountain,
          uniq_eustachio

Skill      XL: |  1  2  3  4  5 |
---------------+----------------+-----
Fighting       | 3 4 |  4.1
Unarmed Combat | 3 4 |  4.4
Dodging        | |  2.4
Shields        | |  2.4

Action                   |  1- 3 |  4- 6 || total
-------------------------+-------+-------++-------
Melee: Unarmed           |   136 |    55 ||   191
       Rapier            |       |    34 ||    34
Throw: Stone             |       |     9 ||     9
  Use: Potion            |       |     1 ||     1
Armor: Robe              |    45 |    38 ||    83
Dodge: Dodged            |    35 |    39 ||    74
Block: Kite shield       |    56 |    50 ||   106
